[Event "55th Biel Festival MTO 2022"]
[Site "Biel"]
[Date "2022.07.15"]
[Round "1.37"]
[White "Jaggy Matteo"]
[Black "Korley Kassa"]
[Result "0-1"]
[ECO "E04"]
[WhiteElo "2093"]
[BlackElo "2421"]
[Annotator "ChessBase"]
[PlyCount "64"]
[EventDate "2022.07.13"]
[EventType "swiss"]
[EventCountry "SUI"]
[SourceTitle "playchess.com"]
[Source "ChessBase"]
[SourceQuality "1"]
[TimeControl "40/5400+30:1800+30"]

1. d4 d5 2. c4 e6 3. Nf3 a6 4. g3 dxc4 5. a4 Nc6 6. Bg2 Nf6 7. O-O Rb8 8. Bg5 Be7 9. e3 b5 10. axb5 axb5 11. Nc3 O-O 12. Qe2 Nb4 13. Ra5 Bd7 14. Ne5 Be8 15. Rfa1 h6 16. Bxf6 Bxf6 17. Nf3 Be7 18. b3 Nd5 19. Nxd5 exd5 20. bxc4 dxc4 21. Ne5 c3 22. Nc6 Bxc6 23. Bxc6 b4 24. Qd3 Rb6 25. Ra8 Qd6 26. Rxf8+ Bxf8 27. Ba4 Ra6 28. Qc2 c5 29. dxc5 Qd2 30. Qxd2 cxd2 31. c6 Rxa4 32. Rd1 Ra2 0-1

[Event "55th Biel Festival MTO 2022"]
[Site "Biel"]
[Date "2022.07.15"]
[Round "2.1"]
[White "Yu Yangyi"]
[Black "Pavlovic Milos"]
[Result "1/2-1/2"]
[ECO "D35"]
[WhiteElo "2720"]
[BlackElo "2461"]
[Annotator "ChessBase"]
[PlyCount "103"]
[EventDate "2022.07.13"]
[EventType "swiss"]
[EventCountry "SUI"]
[SourceTitle "playchess.com"]
[Source "ChessBase"]
[SourceQuality "1"]
[TimeControl "40/5400+30:1800+30"]

1. d4 Nf6 2. c4 e6 3. Nc3 d5 4. cxd5 exd5 5. Bg5 c6 6. e3 Be7 7. Bd3 Nbd7 8. Bf4 O-O 9. h3 b5 10. Nf3 b4 11. Na4 Qa5 12. O-O Ba6 13. Bxa6 Qxa6 14. Bg5 Bd6 15. Nd2 Ne4 16. Nxe4 dxe4 17. Rc1 Rac8 18. Qb3 Rfe8 19. Rc4 Nb6 20. Nxb6 axb6 21. Bf4 Bf8 22. Rfc1 c5 23. dxc5 bxc5 24. a3 bxa3 25. bxa3 Rc6 26. Rb1 Rb6 27. Qxb6 Qxc4 28. Qc6 Qe6 29. Rb6 Qxc6 30. Rxc6 f6 31. Ra6 c4 32. Rc6 Bxa3 33. Rxc4 h5 34. g4 hxg4 35. hxg4 Kf7 36. Kg2 g6 37. Ra4 Bf8 38. Ra5 Re6 39. Bb8 Be7 40. Ba7 Bd6 41. Bd4 Re8 42. Kf1 Re7 43. Ke2 Rd7 44. Ra8 f5 45. Ra5 Ke6 46. Kf1 Rh7 47. Ra6 Kd5 48. Ra5+ Ke6 49. Bc5 Bxc5 50. Rxc5 Kf6 51. gxf5 gxf5 52. Ke2 1/2-1/2

[Event "55th Biel Festival MTO 2022"]
[Site "Biel"]
[Date "2022.07.15"]
[Round "2.2"]
[White "Prraneeth Vuppala"]
[Black "Alekseenko Kirill"]
[Result "1-0"]
[ECO "B90"]
[WhiteElo "2457"]
[BlackElo "2708"]
[Annotator "ChessBase"]
[PlyCount "75"]
[EventDate "2022.07.13"]
[EventType "swiss"]
[EventCountry "SUI"]
[SourceTitle "playchess.com"]
[Source "ChessBase"]
[SourceQuality "1"]
[TimeControl "40/5400+30:1800+30"]

1. e4 c5 2. Nf3 d6 3. d4 cxd4 4. Nxd4 Nf6 5. Nc3 a6 6. f3 e5 7. Nb3 Be7 8. Be3 Be6 9. Qd2 h5 10. Be2 Nbd7 11. Nd5 Bxd5 12. exd5 Qc7 13. Rc1 h4 14. O-O Nh5 15. Rfd1 O-O 16. a4 Bd8 17. c4 b6 18. a5 bxa5 19. Ra1 h3 20. gxh3 Qc8 21. Nxa5 Nc5 22. b4 Bxa5 23. Bxc5 dxc5 24. Rxa5 cxb4 25. d6 Qe6 26. c5 Nf4 27. Bf1 Rfd8 28. c6 Rac8 29. Rxa6 b3 30. c7 Rd7 31. Kh1 Kh7 32. Rc6 Qg6 33. Qf2 Qh5 34. Ba6 Nxh3 35. Qg3 Rxd6 36. Rdxd6 b2 37. Rd1 Qf5 38. Qh4+ 1-0

[Event "55th Biel Festival MTO 2022"]
[Site "Biel"]
[Date "2022.07.15"]
[Round "2.5"]
[White "Sargsyan Shant"]
[Black "Krishna C R G"]
[Result "1-0"]
[ECO "D24"]
[WhiteElo "2661"]
[BlackElo "2430"]
[Annotator "ChessBase"]
[PlyCount "73"]
[EventDate "2022.07.13"]
[EventType "swiss"]
[EventCountry "SUI"]
[SourceTitle "playchess.com"]
[Source "ChessBase"]
[SourceQuality "1"]
[TimeControl "40/5400+30:1800+30"]

1. d4 Nf6 2. c4 e6 3. Nf3 d5 4. Nc3 dxc4 5. e4 Bb4 6. Bxc4 Nxe4 7. O-O Nxc3 8. bxc3 Be7 9. Ne5 O-O 10. Qg4 Nd7 11. Bh6 Bf6 12. Rfe1 Qe7 13. Rad1 Re8 14. h4 Nf8 15. h5 Kh8 16. Bc1 h6 17. Rd3 Rd8 18. Rg3 Nh7 19. Bd3 Bxe5 20. dxe5 f5 21. exf6 Nxf6 22. Qg6 Rxd3 23. Rxd3 Bd7 24. Qg3 Bc6 25. Qe5 Re8 26. Rg3 Kh7 27. c4 Qf7 28. Bb2 Re7 29. Rh3 Ng4 30. Qe2 Qf5 31. Rg3 Nf6 32. Bxf6 gxf6 33. Rd1 Be8 34. Rd8 Bxh5 35. Qd2 Bg6 36. Rd7 Qc5 37. Qe3 1-0

[Event "55th Biel Festival MTO 2022"]
[Site "Biel"]
[Date "2022.07.15"]
[Round "2.6"]
[White "Gurel Ediz"]
[Black "Shevchenko Kirill"]
[Result "0-1"]
[ECO "B66"]
[WhiteElo "2435"]
[BlackElo "2654"]
[Annotator "ChessBase"]
[PlyCount "92"]
[EventDate "2022.07.13"]
[EventType "swiss"]
[EventCountry "SUI"]
[SourceTitle "playchess.com"]
[Source "ChessBase"]
[SourceQuality "1"]
[TimeControl "40/5400+30:1800+30"]

1. e4 c5 2. Nf3 Nc6 3. d4 cxd4 4. Nxd4 Nf6 5. Nc3 d6 6. Bg5 e6 7. Qd2 a6 8. Nxc6 bxc6 9. O-O-O Be7 10. Bxf6 gxf6 11. Bc4 Bb7 12. Rhe1 Qa5 13. Kb1 h5 14. f4 O-O-O 15. Bd3 Rd7 16. f5 e5 17. Nd5 Bd8 18. Nb4 Qb6 19. c3 a5 20. Nc2 d5 21. exd5 cxd5 22. c4 dxc4 23. Qc3 Rc7 24. Be4 Be7 25. Bxb7+ Kxb7 26. a3 Bc5 27. Re4 Rhc8 28. Rxc4 Kb8 29. Qf3 Bd4 30. Rdxd4 Rxc4 31. Rxc4 Rxc4 32. Qd3 Qc6 33. Qb3+ Ka8 34. Ne3 Rc5 35. Qd3 a4 36. Qd8+ Kb7 37. Qe7+ Ka6 38. Ka2 Rc1 39. Qd8 Qe4 40. Qd6+ Rc6 41. Qd7 Rc1 42. Qd6+ Qc6 43. Qd2 h4 44. h3 Qc5 45. b4 axb3+ 46. Kb2 Qd4+ 0-1

[Event "55th Biel Festival MTO 2022"]
[Site "Biel"]
[Date "2022.07.15"]
[Round "2.7"]
[White "Motylev Alexander"]
[Black "Dushyant Sharma"]
[Result "1-0"]
[ECO "C82"]
[WhiteElo "2632"]
[BlackElo "2416"]
[Annotator "ChessBase"]
[PlyCount "49"]
[EventDate "2022.07.13"]
[EventType "swiss"]
[EventCountry "SUI"]
[SourceTitle "playchess.com"]
[Source "ChessBase"]
[SourceQuality "1"]
[TimeControl "40/5400+30:1800+30"]

1. e4 e5 2. Nf3 Nc6 3. Bb5 a6 4. Ba4 Nf6 5. O-O Nxe4 6. d4 b5 7. Bb3 d5 8. dxe5 Be6 9. c3 Bc5 10. Nbd2 O-O 11. Bc2 Nxf2 12. Rxf2 f6 13. Nf1 Bxf2+ 14. Kxf2 fxe5 15. Kg1 Qd6 16. Be3 Bg4 17. Bxh7+ Kh8 18. Qe1 Qf6 19. Ng5 g6 20. Qh4 Bh5 21. Ng3 d4 22. Nxh5 gxh5 23. Qxh5 Kg7 24. Be4 Qh6 25. Ne6+ 1-0

[Event "55th Biel Festival MTO 2022"]
[Site "Biel"]
[Date "2022.07.15"]
[Round "2.8"]
[White "Korley Kassa"]
[Black "Lagarde Maxime"]
[Result "0-1"]
[ECO "A50"]
[WhiteElo "2421"]
[BlackElo "2631"]
[Annotator "ChessBase"]
[PlyCount "212"]
[EventDate "2022.07.13"]
[EventType "swiss"]
[EventCountry "SUI"]
[SourceTitle "playchess.com"]
[Source "ChessBase"]
[SourceQuality "1"]
[TimeControl "40/5400+30:1800+30"]

1. Nf3 b6 2. g3 Bb7 3. Bg2 g6 4. d4 Bg7 5. c4 Nf6 6. d5 c6 7. Nc3 cxd5 8. cxd5 Na6 9. O-O Rc8 10. Nd4 Rc4 11. Ndb5 Qa8 12. e4 d6 13. Qe2 Rc8 14. Be3 O-O 15. Rac1 Nb8 16. Bh3 Nbd7 17. f3 a6 18. Nd4 Rc7 19. Rc2 Ne5 20. Na4 Rxc2 21. Qxc2 b5 22. Nb6 Qd8 23. Nc6 Bxc6 24. dxc6 Qc7 25. Nd5 Nxd5 26. exd5 Nc4 27. Bf2 Bxb2 28. a4 e6 29. axb5 axb5 30. dxe6 Qxc6 31. exf7+ Kxf7 32. f4 Bf6 33. Bg2 Qa6 34. h4 Kg7 35. h5 Qa3 36. Qe2 Qb2 37. Qe6 gxh5 38. Bd5 Kh8 39. Qf5 Nd2 40. Re1 h4 41. Kh1 hxg3 42. Bxg3 Bg7 43. Qh5 Qc2 44. Re8 Qb1+ 45. Kg2 Qf1+ 46. Kh2 Qd3 47. Rxf8+ Bxf8 48. Bh4 Qg6 49. Qe2 Nc4 50. Bxc4 bxc4 51. Qxc4 Qf5 52. Kg3 Kg7 53. Qc7+ Kg6 54. Qc6 Qd3+ 55. Kg2 Qe2+ 56. Bf2 Qe6 57. Bg3 Kf5 58. Kh2 Kg4 59. Qg2 Qh6+ 60. Bh4+ Kxf4 61. Qg3+ Ke4 62. Qg4+ Ke5 63. Qg3+ Ke6 64. Qg4+ Kf7 65. Qf3+ Kg7 66. Qc3+ Kg6 67. Qg3+ Kh5 68. Qh3 Qd2+ 69. Bf2+ Kg6 70. Qe6+ Kg7 71. Qg4+ Kh8 72. Kg1 Qc1+ 73. Kg2 Bg7 74. Qe4 Qg5+ 75. Kf1 Be5 76. Qa8+ Kg7 77. Qb7+ Kg6 78. Qd5 Kf6 79. Qa8 Qf5 80. Qf8+ Kg6 81. Qg8+ Kh5 82. Qe8+ Qg6 83. Qc6 Qb1+ 84. Kg2 Qf5 85. Qd5 h6 86. Kf1 Kg6 87. Qg8+ Bg7 88. Qe8+ Kh7 89. Qc6 d5 90. Ke2 Qe4+ 91. Kd2 Qb4+ 92. Kd1 Qb3+ 93. Kd2 Qb2+ 94. Kd3 Qb3+ 95. Kd2 Qf3 96. Qc2+ Kg8 97. Qc8+ Qf8 98. Qe6+ Qf7 99. Qb6 h5 100. Ke2 Qf5 101. Qd8+ Kh7 102. Qb6 Qe4+ 103. Kf1 h4 104. Qd8 h3 105. Qg5 Qf3 106. Ke1 Bf6 0-1

[Event "55th Biel Festival MTO 2022"]
[Site "Biel"]
[Date "2022.07.15"]
[Round "2.9"]
[White "Sethuraman S.P."]
[Black "Peyrer, Konstantin"]
[Result "1-0"]
[ECO "B12"]
[WhiteElo "2623"]
[BlackElo "2406"]
[Annotator "ChessBase"]
[PlyCount "75"]
[EventDate "2022.07.13"]
[EventType "swiss"]
[EventCountry "SUI"]
[SourceTitle "playchess.com"]
[Source "ChessBase"]
[SourceQuality "1"]
[TimeControl "40/5400+30:1800+30"]

1. e4 c6 2. d4 d5 3. e5 c5 4. dxc5 e6 5. Qg4 h5 6. Qf4 Bxc5 7. Nc3 Nc6 8. Nf3 Nh6 9. Bd3 Nb4 10. O-O Nxd3 11. cxd3 Bd7 12. Ne2 Bb5 13. Rd1 h4 14. a4 Bd7 15. Nxh4 Be7 16. Nf3 Nf5 17. Qg4 Qb6 18. Bg5 Bc5 19. d4 Qxb2 20. Ng3 Nxg3 21. dxc5 Ne2+ 22. Kh1 Nc3 23. Rf1 Ne4 24. Be3 g5 25. Rab1 Qe2 26. Bxg5 Nxf2+ 27. Rxf2 Qxf2 28. Bf6 Qc2 29. Re1 Rf8 30. h4 Qxa4 31. Qg7 Bc6 32. h5 Qc2 33. h6 Kd7 34. h7 Qg6 35. Qxg6 fxg6 36. Kh2 a5 37. Kg3 a4 38. Nh4 1-0

[Event "55th Biel Festival MTO 2022"]
[Site "Biel"]
[Date "2022.07.15"]
[Round "2.10"]
[White "Materia, Marco"]
[Black "Iturrizaga Bonelli Eduardo"]
[Result "1/2-1/2"]
[ECO "E11"]
[WhiteElo "2409"]
[BlackElo "2619"]
[Annotator "ChessBase"]
[PlyCount "40"]
[EventDate "2022.07.13"]
[EventType "swiss"]
[EventCountry "SUI"]
[SourceTitle "playchess.com"]
[Source "ChessBase"]
[SourceQuality "1"]
[TimeControl "40/5400+30:1800+30"]

1. d4 e6 2. c4 Bb4+ 3. Bd2 a5 4. Nf3 Nf6 5. a3 Bxd2+ 6. Qxd2 d6 7. Nc3 Nbd7 8. e4 e5 9. Be2 O-O 10. O-O a4 11. Rfe1 exd4 12. Nxd4 Nc5 13. Bf1 Re8 14. Qc2 Nfd7 15. Re3 Nb6 16. Nd5 c6 17. Nxb6 Qxb6 18. Rae1 Bd7 19. Qc3 f6 20. g3 Qa5 1/2-1/2

[Event "55th Biel Festival MTO 2022"]
[Site "Biel"]
[Date "2022.07.15"]
[Round "2.11"]
[White "Puranik Abhimanyu"]
[Black "Stijve, Theo"]
[Result "1-0"]
[ECO "A09"]
[WhiteElo "2612"]
[BlackElo "2394"]
[Annotator "ChessBase"]
[PlyCount "59"]
[EventDate "2022.07.13"]
[EventType "swiss"]
[EventCountry "SUI"]
[SourceTitle "playchess.com"]
[Source "ChessBase"]
[SourceQuality "1"]
[TimeControl "40/5400+30:1800+30"]

1. Nf3 d5 2. c4 d4 3. b4 g5 4. g3 g4 5. Nh4 e5 6. Bg2 Ne7 7. O-O Ng6 8. e3 Nxh4 9. gxh4 Nc6 10. b5 Ne7 11. exd4 Qxd4 12. Qb3 Be6 13. Bb2 Qc5 14. d3 O-O-O 15. Nd2 f5 16. Ba3 Qd4 17. Qa4 g3 18. hxg3 Bd5 19. Nb3 Qg4 20. Qxa7 Bxg2 21. Nc5 b6 22. Qa6+ Kb8 23. Kxg2 bxc5 24. b6 Nc8 25. Rab1 Rd6 26. Bxc5 Rg8 27. bxc7+ Kxc7 28. Rb7+ Kd8 29. Qa5+ Ke8 30. Qb5+ 1-0

[Event "55th Biel Festival MTO 2022"]
[Site "Biel"]
[Date "2022.07.15"]
[Round "2.12"]
[White "Katz, Alexander"]
[Black "Banusz Tamas"]
[Result "1/2-1/2"]
[ECO "C76"]
[WhiteElo "2402"]
[BlackElo "2611"]
[Annotator "ChessBase"]
[PlyCount "86"]
[EventDate "2022.07.13"]
[EventType "swiss"]
[EventCountry "SUI"]
[SourceTitle "playchess.com"]
[Source "ChessBase"]
[SourceQuality "1"]
[TimeControl "40/5400+30:1800+30"]

1. e4 e5 2. Nf3 Nc6 3. Bb5 g6 4. c3 a6 5. Ba4 d6 6. d4 Bd7 7. d5 Nce7 8. c4 Bg7 9. Nc3 Nf6 10. O-O O-O 11. Bxd7 Nxd7 12. Be3 h6 13. Nd2 f5 14. f3 f4 15. Bf2 g5 16. b4 Qe8 17. c5 Qg6 18. Nc4 h5 19. Qa4 Rfd8 20. Qa5 Rac8 21. a4 g4 22. Bh4 Bf6 23. c6 bxc6 24. dxc6 Bxh4 25. cxd7 Rxd7 26. Qxa6 Kh7 27. Nd2 Rg8 28. Ra2 Qe6 29. Kh1 Rdd8 30. a5 Rb8 31. Rb1 Bf2 32. Qe2 Bd4 33. Rc2 c6 34. b5 cxb5 35. Nxb5 Bc5 36. Rcb2 Rbc8 37. a6 Rg7 38. Nb3 Be3 39. Rd1 d5 40. exd5 Qxa6 41. d6 Ng8 42. Qd3+ Kh6 43. d7 Rd8 1/2-1/2

[Event "55th Biel Festival MTO 2022"]
[Site "Biel"]
[Date "2022.07.15"]
[Round "2.13"]
[White "Aryan Chopra"]
[Black "Aziz, Husain"]
[Result "1-0"]
[ECO "D35"]
[WhiteElo "2610"]
[BlackElo "2380"]
[Annotator "ChessBase"]
[PlyCount "69"]
[EventDate "2022.07.13"]
[EventType "swiss"]
[EventCountry "SUI"]
[SourceTitle "playchess.com"]
[Source "ChessBase"]
[SourceQuality "1"]
[TimeControl "40/5400+30:1800+30"]

1. c4 e6 2. Nc3 d5 3. d4 Nf6 4. cxd5 exd5 5. Bg5 c6 6. e3 Be7 7. Bd3 O-O 8. Nge2 Ne4 9. Bxe7 Qxe7 10. Bxe4 dxe4 11. Qc2 f5 12. Nf4 Na6 13. Qb3+ Qf7 14. Qxf7+ Kxf7 15. h4 Re8 16. Kd2 Be6 17. g4 c5 18. d5 Rad8 19. Nxe6 Rxe6 20. gxf5 Re5 21. f3 exf3 22. e4 Nc7 23. Ke3 Ne8 24. Kf4 Kf6 25. Nd1 Nd6 26. Nf2 h5 27. Rhg1 Nxf5 28. exf5 Rxf5+ 29. Ke3 Re8+ 30. Ne4+ Kf7 31. Rg5 g6 32. Kd3 Rd8 33. Rxf5+ gxf5 34. Ng5+ Kf6 35. Kc4 1-0

[Event "55th Biel Festival MTO 2022"]
[Site "Biel"]
[Date "2022.07.15"]
[Round "2.14"]
[White "Song, Julien"]
[Black "Huschenbeth Niclas"]
[Result "1/2-1/2"]
[ECO "E04"]
[WhiteElo "2391"]
[BlackElo "2610"]
[Annotator "ChessBase"]
[PlyCount "104"]
[EventDate "2022.07.13"]
[EventType "swiss"]
[EventCountry "SUI"]
[SourceTitle "playchess.com"]
[Source "ChessBase"]
[SourceQuality "1"]
[TimeControl "40/5400+30:1800+30"]

1. d4 Nf6 2. c4 e6 3. Nf3 d5 4. g3 dxc4 5. Bg2 c6 6. a4 Bb4+ 7. Bd2 a5 8. Qc2 O-O 9. Bxb4 axb4 10. Qxc4 Qe7 11. Qc2 b5 12. a5 Qc7 13. O-O Rxa5 14. Nbd2 Rxa1 15. Rxa1 Nbd7 16. Ne1 c5 17. dxc5 Qxc5 18. Qxc5 Nxc5 19. Rc1 Na4 20. Nd3 Rd8 21. Rc2 b3 22. Nxb3 e5 23. Na5 Bf5 24. Nc6 Re8 25. b3 e4 26. Nde5 e3 27. Rc1 exf2+ 28. Kxf2 Nb6 29. Rc5 b4 30. Rb5 Nbd7 31. Nxd7 Ng4+ 32. Kg1 Bxd7 33. Bf3 h5 34. h3 Nf6 35. Kf2 Ne4+ 36. Bxe4 Rxe4 37. Rb8+ Kh7 38. Nxb4 Bxh3 39. Nd5 Bg4 40. Ne3 Bd7 41. Rb7 Be6 42. b4 g5 43. Kf3 Rd4 44. b5 Rb4 45. Kf2 Kg7 46. Nc2 Rc4 47. Ne1 Rc1 48. Nf3 Kf6 49. Rb6 Rc4 50. Rc6 Rb4 51. Rc5 g4 52. Nh4 Bd7 1/2-1/2

[Event "55th Biel Festival MTO 2022"]
[Site "Biel"]
[Date "2022.07.15"]
[Round "2.15"]
[White "Ganguly Surya Shekhar"]
[Black "Haimovich, Tal"]
[Result "1/2-1/2"]
[ECO "C54"]
[WhiteElo "2608"]
[BlackElo "2372"]
[Annotator "ChessBase"]
[PlyCount "75"]
[EventDate "2022.07.13"]
[EventType "swiss"]
[EventCountry "SUI"]
[SourceTitle "playchess.com"]
[Source "ChessBase"]
[SourceQuality "1"]
[TimeControl "40/5400+30:1800+30"]

1. e4 e5 2. Nf3 Nc6 3. Bc4 Nf6 4. d3 Bc5 5. O-O d6 6. c3 a5 7. Re1 Ba7 8. Bb3 h6 9. Na3 O-O 10. h3 Be6 11. Ba4 Ne7 12. d4 Ng6 13. Be3 c6 14. Bc2 b5 15. Bd3 b4 16. Nc2 bxc3 17. bxc3 Nh5 18. Bf1 Nhf4 19. Kh2 Qc8 20. Qd2 Bb8 21. dxe5 dxe5 22. Bc5 Rd8 23. Qe3 Bc7 24. Na3 Rb8 25. Nd2 Bd6 26. Bxd6 Rxd6 27. Ndc4 Rd8 28. Red1 Qc7 29. g3 Nh5 30. Qc5 Nf6 31. f3 Rxd1 32. Rxd1 Nd7 33. Qf2 Ngf8 34. Nd6 Nb6 35. Qc5 Nbd7 36. Qf2 Nb6 37. Qc5 Nbd7 38. Qf2 1/2-1/2

[Event "55th Biel Festival MTO 2022"]
[Site "Biel"]
[Date "2022.07.15"]
[Round "2.16"]
[White "Ajay Krishna, S."]
[Black "Erdos Viktor"]
[Result "1/2-1/2"]
[ECO "D00"]
[WhiteElo "2372"]
[BlackElo "2586"]
[Annotator "ChessBase"]
[PlyCount "83"]
[EventDate "2022.07.13"]
[EventType "swiss"]
[EventCountry "SUI"]
[SourceTitle "playchess.com"]
[Source "ChessBase"]
[SourceQuality "1"]
[TimeControl "40/5400+30:1800+30"]

1. d4 Nf6 2. Bf4 g6 3. Nc3 d5 4. Nf3 Bg7 5. Nb5 Na6 6. e3 Bg4 7. Nc3 Nb4 8. Be2 O-O 9. a3 Nc6 10. h3 Bxf3 11. Bxf3 Re8 12. O-O Qd7 13. Rb1 Rad8 14. Bg5 e6 15. b4 h6 16. Bh4 Ne7 17. Bg3 Nf5 18. Bh2 Nd6 19. b5 Qe7 20. a4 Rc8 21. Qd3 Red8 22. a5 Nfe8 23. e4 c6 24. bxc6 bxc6 25. exd5 cxd5 26. a6 Nc4 27. Na4 Ned6 28. c3 Rb8 29. Rfe1 Qc7 30. Nc5 Qc6 31. Nb7 Rdc8 32. Rb4 Bf8 33. Reb1 Qe8 34. Bxd6 Nxd6 35. Nxd6 Bxd6 36. Rb7 Qc6 37. Bg4 Rxb7 38. axb7 Re8 39. Qb5 Qxb5 40. Rxb5 Rb8 41. Be2 Kf8 42. c4 1/2-1/2

[Event "55th Biel Festival MTO 2022"]
[Site "Biel"]
[Date "2022.07.15"]
[Round "2.17"]
[White "Mendonca Leon Luke"]
[Black "Unuk, Laura"]
[Result "1/2-1/2"]
[ECO "D37"]
[WhiteElo "2567"]
[BlackElo "2340"]
[Annotator "ChessBase"]
[PlyCount "150"]
[EventDate "2022.07.13"]
[EventType "swiss"]
[EventCountry "SUI"]
[SourceTitle "playchess.com"]
[Source "ChessBase"]
[SourceQuality "1"]
[TimeControl "40/5400+30:1800+30"]

1. d4 Nf6 2. c4 e6 3. Nf3 d5 4. Nc3 Be7 5. Bf4 O-O 6. e3 b6 7. Rc1 c5 8. Be2 Bb7 9. cxd5 Nxd5 10. Nxd5 Bxd5 11. O-O Nc6 12. Qa4 Nb4 13. Rfd1 Bc6 14. Qa3 c4 15. Ne5 Be4 16. Qa4 a6 17. Qd7 b5 18. a3 Nd5 19. Bg3 Nb6 20. Qxd8 Rfxd8 21. Bf3 Bxf3 22. Nxf3 Rac8 23. Rc2 a5 24. Nd2 Na4 25. Ra1 Nxb2 26. Rxb2 c3 27. Rc2 cxd2 28. Rxd2 Bxa3 29. Rdd1 b4 30. h3 f6 31. e4 Kf7 32. d5 Ke7 33. Kh2 Rc2 34. Rd3 e5 35. f4 exf4 36. Bxf4 Re2 37. e5 a4 38. exf6+ gxf6 39. Bc7 Rg8 40. Bg3 Rc8 41. d6+ Kd7 42. Rf1 Bb2 43. Rf5 Rc3 44. Rd1 Rcc2 45. Ra5 Rxg2+ 46. Kh1 Rcd2 47. Rxd2 Rxd2 48. Rxa4 Bc3 49. Ra7+ Kc6 50. Rc7+ Kb6 51. Rc4 Kb5 52. Rc7 Be5 53. Bxe5 fxe5 54. Rb7+ Kc4 55. d7 Kc3 56. Kg1 b3 57. Rc7+ Kb2 58. Kf1 e4 59. Ke1 e3 60. Ra7 Kc2 61. Rc7+ Kb1 62. Rb7 Kb2 63. Rc7 h5 64. Rb7 Kc2 65. Rc7+ Kb1 66. Rb7 b2 67. Rc7 h4 68. Rb7 Kc1 69. Rc7+ Kb1 70. Rb7 Ka2 71. Ra7+ Kb3 72. Rb7+ Kc3 73. Rc7+ Kb3 74. Rb7+ Kc2 75. Rc7+ Kb1 1/2-1/2

[Event "55th Biel Festival MTO 2022"]
[Site "Biel"]
[Date "2022.07.15"]
[Round "2.18"]
[White "Papadiamandis, Elliot"]
[Black "Azarov Sergei"]
[Result "1/2-1/2"]
[ECO "C45"]
[WhiteElo "2369"]
[BlackElo "2566"]
[Annotator "ChessBase"]
[PlyCount "59"]
[EventDate "2022.07.13"]
[EventType "swiss"]
[EventCountry "SUI"]
[SourceTitle "playchess.com"]
[Source "ChessBase"]
[SourceQuality "1"]
[TimeControl "40/5400+30:1800+30"]

1. e4 e5 2. Nf3 Nc6 3. d4 exd4 4. Nxd4 Nf6 5. Nxc6 bxc6 6. e5 Qe7 7. Qe2 Nd5 8. g3 g6 9. c4 Nb6 10. b3 Bg7 11. f4 f6 12. Ba3 d6 13. Bg2 fxe5 14. Bxc6+ Bd7 15. Bxa8 exf4 16. Qxe7+ Kxe7 17. Bf3 fxg3 18. c5 dxc5 19. Bxc5+ Kd8 20. hxg3 Bxa1 21. Kf2 h5 22. Nd2 Bg7 23. Nc4 Bf6 24. Na5 h4 25. Nc6+ Bxc6 26. Bxc6 hxg3+ 27. Kxg3 Rxh1 28. Bxh1 Be7 29. Bxb6 axb6 30. a4 1/2-1/2

[Event "55th Biel Festival MTO 2022"]
[Site "Biel"]
[Date "2022.07.15"]
[Round "2.19"]
[White "Herrera Reyes, Jose Antonio"]
[Black "Iniyan P"]
[Result "0-1"]
[ECO "B23"]
[WhiteElo "2345"]
[BlackElo "2533"]
[Annotator "ChessBase"]
[PlyCount "82"]
[EventDate "2022.07.13"]
[EventType "swiss"]
[EventCountry "SUI"]
[SourceTitle "playchess.com"]
[Source "ChessBase"]
[SourceQuality "1"]
[TimeControl "40/5400+30:1800+30"]

1. e4 c5 2. Nc3 a6 3. g3 b5 4. Bg2 Bb7 5. Nge2 b4 6. Nd5 e6 7. Ne3 Nf6 8. e5 Bxg2 9. Nxg2 Ng4 10. d4 cxd4 11. Qxd4 h5 12. Qe4 Nc6 13. b3 Ngxe5 14. Bb2 d5 15. Qe3 Ng4 16. Qd2 Bc5 17. f3 Nge5 18. O-O-O Nxf3 19. Qf4 Ng5 20. Rhf1 f6 21. Kb1 Qe7 22. Rfe1 Ne4 23. Qf1 Bf2 24. Nef4 Bxe1 25. Ng6 Qc5 26. Nxe1 Rh6 27. Nf4 Qf2 28. Qh1 Kf7 29. Ned3 Qa7 30. Qf3 Nd4 31. Qf1 Nb5 32. Ka1 Nbc3 33. Re1 Qb6 34. a3 a5 35. a4 g5 36. Ng2 Nd2 37. Qh1 Nxa4 38. bxa4 Qc6 39. Nc1 Qxa4+ 40. Na2 Qxc2 41. Re3 Qa4 0-1

[Event "55th Biel Festival MTO 2022"]
[Site "Biel"]
[Date "2022.07.15"]
[Round "2.20"]
[White "Muradli Mahammad"]
[Black "Tanmay Chopra"]
[Result "1/2-1/2"]
[ECO "D30"]
[WhiteElo "2523"]
[BlackElo "2322"]
[Annotator "ChessBase"]
[PlyCount "73"]
[EventDate "2022.07.13"]
[EventType "swiss"]
[EventCountry "SUI"]
[SourceTitle "playchess.com"]
[Source "ChessBase"]
[SourceQuality "1"]
[TimeControl "40/5400+30:1800+30"]

1. Nf3 d5 2. d4 Nf6 3. c4 e6 4. Bg5 dxc4 5. Qa4+ Bd7 6. Qxc4 c5 7. dxc5 Qc8 8. Nbd2 Qxc5 9. a3 Qxc4 10. Nxc4 Ne4 11. Bf4 f6 12. g3 Bc5 13. Be3 Bxe3 14. Nxe3 Nc6 15. Bg2 Ke7 16. O-O Rhc8 17. Rfd1 Nd6 18. Nd2 Nd8 19. Ne4 Nxe4 20. Bxe4 f5 21. Bf3 Rc7 22. Rd4 Nf7 23. Rad1 Rac8 24. g4 g6 25. gxf5 gxf5 26. Bh5 Ne5 27. f4 Nc6 28. R4d2 Nb8 29. Kf2 Rc1 30. Bf3 b6 31. Kg3 Ba4 32. Rxc1 Rxc1 33. Rd4 Bb3 34. Rd3 Ba4 35. Rd4 Bb3 36. Rd3 Ba4 37. Rd4 1/2-1/2

[Event "55th Biel Festival MTO 2022"]
[Site "Biel"]
[Date "2022.07.15"]
[Round "2.21"]
[White "Sahithi Varshini M"]
[Black "Gagare Shardul"]
[Result "0-1"]
[ECO "C54"]
[WhiteElo "2312"]
[BlackElo "2514"]
[Annotator "ChessBase"]
[PlyCount "116"]
[EventDate "2022.07.13"]
[EventType "swiss"]
[EventCountry "SUI"]
[SourceTitle "playchess.com"]
[Source "ChessBase"]
[SourceQuality "1"]
[TimeControl "40/5400+30:1800+30"]

1. e4 e5 2. Nf3 Nc6 3. Bc4 Bc5 4. c3 Nf6 5. d3 O-O 6. O-O h6 7. Re1 d6 8. h3 a6 9. a4 Ba7 10. Bb3 Be6 11. Bc2 Re8 12. d4 exd4 13. cxd4 Nb4 14. Nc3 Nxc2 15. Qxc2 d5 16. e5 Ne4 17. Be3 Bf5 18. Rac1 Re6 19. Ne2 Rc6 20. Qb3 Rb6 21. Qa3 a5 22. Nd2 c6 23. Nxe4 Bxe4 24. Bd2 Qf8 25. Qg3 c5 26. dxc5 Rg6 27. Qe3 Rxg2+ 28. Kf1 Rh2 29. f3 Bf5 30. Qf4 Bxh3+ 31. Kg1 Rg2+ 32. Kh1 Rg6 33. Be3 Bb8 34. Rg1 Raa6 35. Qh2 Bd7 36. Nc3 Qe8 37. Bd4 Raf6 38. f4 Ra6 39. Qh5 Qc8 40. Kh2 Kh7 41. Nxd5 Bg4 42. Nb6 Qe6 43. Qh4 Qf5 44. Rcf1 Bc7 45. Rg3 Bxb6 46. cxb6 Ra8 47. Rf2 Rc8 48. Rc3 Rd8 49. Be3 Rd1 50. Rc1 Rxc1 51. Bxc1 Qb1 52. Be3 Bf5 53. Rg2 Rxg2+ 54. Kxg2 Be4+ 55. Kf2 Qxb2+ 56. Kf1 Qa1+ 57. Qe1 Qxa4 58. Kg1 Qb3 0-1

[Event "55th Biel Festival MTO 2022"]
[Site "Biel"]
[Date "2022.07.15"]
[Round "2.22"]
[White "Visakh N R"]
[Black "Monteverde, Jonathan"]
[Result "1-0"]
[ECO "A62"]
[WhiteElo "2503"]
[BlackElo "2091"]
[Annotator "ChessBase"]
[PlyCount "95"]
[EventDate "2022.07.13"]
[EventType "swiss"]
[EventCountry "SUI"]
[SourceTitle "playchess.com"]
[Source "ChessBase"]
[SourceQuality "1"]
[TimeControl "40/5400+30:1800+30"]

1. d4 e6 2. c4 Nf6 3. g3 c5 4. d5 exd5 5. cxd5 d6 6. Nc3 g6 7. Bg2 Bg7 8. Nf3 O-O 9. O-O Re8 10. Bf4 Ne4 11. Nxe4 Rxe4 12. Nd2 Rxf4 13. gxf4 Bxb2 14. Rb1 Bg7 15. Nc4 b5 16. Rxb5 Ba6 17. Qa4 Bxb5 18. Qxb5 Bf8 19. Na5 Qb6 20. Rb1 Na6 21. Nc6 Qxb5 22. Rxb5 c4 23. Kf1 Nc5 24. Bf3 Re8 25. e3 Bg7 26. Rb4 c3 27. Bd1 f5 28. Bc2 Kf7 29. Ke2 Rc8 30. a3 a6 31. Rb6 Bf6 32. Nb4 a5 33. Nc6 Ke8 34. Rb5 Bd8 35. Rb1 Ra8 36. f3 Bc7 37. h4 Ra6 38. Nd4 Rb6 39. Nb5 Kd7 40. a4 Rb8 41. h5 Rh8 42. Rh1 gxh5 43. Rxh5 Rg8 44. Rxh7+ Kd8 45. Kf2 Na6 46. Bxf5 Nc5 47. Nxc7 c2 48. Bxc2 1-0